 Dungeon Crawl Stone Soup version 5.7-8-g3a8b389 (webtiles) character file.

4806 Sir the Covert (level 12, 0/91 HPs)
             Began as a Naga Arcane Marksman on Sept 2, 2018.
             Was a High Priest of Cheibriados.
             Slain by a nine-headed hydra (9 damage)
             ... on level 11 of the Dungeon.
             The game lasted 00:28:52 (9296 turns).

Sir the Covert (Naga Arcane Marksman)               Turns: 9296, Time: 00:28:52

Health: 0/91       AC: 18 (24%)Str: 30  XL:     12   Next: 5%
Magic:  4/28       EV: 10    Int: 34    God:    Cheibriados [5*[135]]
Gold:   696        SH:  0    Dex: 25    Spells: 15/29 levels left

rFire    + + .     SeeInvis +   b - +3 scimitar (freeze)
rCold    . . .     Faith    .   (no shield)
rNeg     . . .     Spirit   .   F - +2 ring mail {rF+}
rPois    +         Reflect  .   G - +2 helmet
rElec    +         Clarity  +   h - +1 cloak
rCorr    .                      s - +0 pair of gloves
MR       +....                  (no barding)
Stlth    +++++++++.             (no amulet)
Regen    0.3/turn               y - ring "Forget-Me-Not" {Fire rElec Stlth+}
MPRegen  0.3/turn               (no ring)

@: mighty, brilliant, very slightly contaminated, invisible, very slow
A: camouflage, see invisible, clarity, deformed body, poison resistance, shaggy
fur, slowness 2, spit poison 2, constrict 1, sturdy frame, AC +4
a: Breathe Poison Gas, Bend Time, Temporal Distortion, Slouch, Step From Time,
Renounce Religion


You were on level 11 of the Dungeon.
You worshipped Cheibriados.
Cheibriados was extremely pleased with you.
You were not hungry.

You visited 1 branch of the dungeon, and saw 11 of its levels.

You collected 696 gold pieces.

Inventory:

Hand Weapons
 a - a +2 shortbow of flaming
 b - a +3 scimitar of freezing (weapon)
 r - a +0 long sword
 u - a +0 dagger of flaming
 C - a -1 dagger
 E - a +1 shortbow
 L - a +0 arbalest
Missiles
 p - 124 tomahawks (quivered)
 q - 2 curare darts
 I - 9 tomahawks of dispersal
 M - 52 javelins
Armour
 c - a +0 robe
 h - a +1 cloak (worn)
 s - a +0 pair of gloves (worn)
 t - a +0 leather armour
 v - a +1 scale mail of fire resistance
 F - a +2 ring mail of fire resistance (worn)
 G - a +2 helmet (worn)
Jewellery
 y - the ring "Forget-Me-Not" (left hand) {Fire rElec Stlth+}
   (You found it on level 5 of the Dungeon)

   [ring of fire]

   It enhances your fire magic.
   It protects you from fire.
   It insulates you from electricity.
   It makes you more stealthy.
 K - a +6 ring of protection
Wands
 j - a wand of acid (3)
 m - a wand of digging (5)
 o - a wand of iceblast (9)
 D - a wand of slimification (4)
 H - a wand of clouds (3)
Scrolls
 d - 2 scrolls of enchant weapon
 e - a scroll of teleportation
 i - 2 scrolls of fear
 k - 3 scrolls of enchant armour
 w - 3 scrolls of amnesia
 z - 4 scrolls of magic mapping
 B - 6 scrolls of fog
Potions
 f - 3 potions of flight
 g - a potion of lignification
 l - 2 potions of mutation
 n - 5 potions of resistance
 x - a potion of augmentation
 A - 3 potions of invisibility
 J - a potion of ambrosia


   Skills:
 - Level 1.0 Fighting
 - Level 7.6 Blades
 + Level 8.7 Bows & Xbows
 - Level 1.5 Dodging
 + Level 11.2 Stealth
 * Level 9.1 Hexes
 - Level 8.6 Translocations
 + Level 5.7 Invocations


You had 15 spell levels left.
You knew the following spells:

 Your Spells              Type           Power        Failure   Level  Hunger
a - Corona                Hex            73 (90)      1%          1    N/A
b - Slow                  Hex            73 (100)     1%          2    N/A
c - Blink                 Tloc           N/A          1%          2    N/A
d - Cause Fear            Hex            73 (200)     1%          4    N/A
e - Olgreb's Toxic Radia  Hex            73 (100)     1%          5    N/A

Your spell library contained the following spells:

 Spells                   Type           Power        Failure   Level  Hunger
 Statue Form              Tmut/Erth      26 (150)     67%         6    N/A
 Dragon Form              Tmut           26 (200)     98%         7    N/A
 Portal Projectile        Hex/Tloc       50 (50)      1%          3    N/A
 Leda's Liquefaction      Hex/Erth       55 (200)     1%          4    N/A
 Summon Hydra             Summ           26 (200)     98%         7    N/A
 Summon Forest            Summ/Tloc      53 (200)     4%          5    N/A
 Hydra Form               Tmut           26 (200)     67%         6    N/A
 Irradiate                Tmut           26 (200)     21%         5    N/A

Dungeon Overview and Level Annotations

Branches:
Dungeon (11/15)            Bazaar (0/1) D:11

Altars:
Cheibriados
Dithmenos
Elyvilon
Gozag
Jiyva
Kikubaaqudgha
Lugonu
Makhleb
Nemelex Xobeh
Okawaru
Qazlal
Ru
Sif Muna
Trog
Uskayaw
Vehumet
Wu Jian
Xom
Yredelemnul
Zin
The Shining One


Innate Abilities, Weirdness & Mutations

You cannot wear boots.
Your serpentine skin is tough. (AC +4)
You have supernaturally acute eyesight. (SInv)
Armour fits poorly on your strangely shaped body.
Your system is resistant to poisons. (rPois)
You cover ground very slowly.
You can exhale a cloud of poison.
You can use your snake-like lower body to constrict enemies.
Your skin blends seamlessly with your surroundings (Stealth+++).
You possess an exceptional clarity of mind.
You are covered in thick fur. (AC +4)
Your movements are less encumbered by armour. (ER -6)


Message History

The nine-headed hydra bites you but does no damage.
The nine-headed hydra barely misses you.
The nine-headed hydra bites you but does no damage.
The nine-headed hydra bites you (7)!
* * * LOW HITPOINT WARNING * * *
The nine-headed hydra bites you but does no damage.
The nine-headed hydra barely misses you.
Unknown command.
Unknown command.
Unknown command.
Unknown command.
Unknown command.
Unknown command.
Unknown command.
Unknown command.
You fail to use your ability.
The killer bee seems to regain its courage.
The killer bee stings you but does no damage.
The killer bee closely misses you. The nine-headed hydra bites you (9)!
You die...

... ##....#.#.....
#D.#......#......
#...###.#.#..... .#
#))...###..... ... #
###...####..... #.y#.
.#..#####......
#.y.###...###..)......
#.y#..####..........
#W@D####...........
#..####.....#..####P
#.Q.# ##.......### ##
#y.## ##........# ..$
###.........# .#
##..........##
#.....P#..#.#
####.######## #.##


You could see a nine-headed hydra, a tengu warrior (wandering), a queen bee
(wandering), a shadow (invisible) and 3 killer bees.

Vanquished Creatures
  A two-headed ogre (D:10)
  An orc high priest (D:9)
  A skeletal warrior (D:11)
  Joseph (D:8)
  A spiny frog (D:11)
  A torpor snail (D:11)
  A rime drake (D:9)
  2 trolls
  9 blink frogs
  A meliai zombie (D:10)
  Sigmund (D:3)
  3 wyverns
  A wraith (D:11)
  Grum (D:8)
  10 yaks
  2 angry ghosts
  Menkaure (D:8)
  2 acid dragons
  A warg (D:9)
  A water moccasin (D:8)
  7 orc warriors
  4 ice beasts
  3 spiny frog skeletons
  A wasp (D:8)
  3 ogres (D:9)
  3 wolves (D:8)
  7 centaurs
  2 wyvern skeletons
  A scorpion (D:5)
  2 water moccasin skeletons
  5 crimson imps
  15 killer bees
  7 wights (D:6)
  2 howler monkeys
  A centaur zombie (D:5)
  2 quasits (D:6)
  A wasp zombie (D:7)
  2 hounds
  7 orc priests
  2 jellies
  A gnoll shaman (D:4)
  A bullfrog skeleton (D:7)
  8 orc wizards
  6 worker ants
  2 iguanas (D:7)
  4 gnolls (D:4)
  10 adders
  3 shadow imps
  2 oozes
  5 dart slugs
  29 orcs
  11 quokkas
  2 ball pythons
  5 giant cockroaches
  5 goblins
  6 hobgoblins
  17 jackals
  10 bats
  4 frilled lizards (D:1)
  6 kobolds
  7 rats
263 creatures vanquished.

Notes
Turn   | Place    | Note
-------+----------+-------------------------------------------
     0 | D:1      | Sir the Naga Arcane Marksman began the quest for the Orb.
     0 | D:1      | Reached XP level 1. HP: 18/18 MP: 2/2
   121 | D:1      | Reached XP level 2. HP: 23/25 MP: 3/3
   253 | D:1      | Learned a level 2 spell: Slow
   338 | D:1      | Gained mutation: You are resistant to electric shocks. (rElec) [potion of mutation]
   338 | D:1      | Gained mutation: Your flesh is heat resistant. (rF+) [potion of mutation]
   345 | D:1      | Reached skill level 1 in Translocations
   354 | D:1      | Lost mutation: Your flesh is heat resistant. (rF+) [potion of mutation]
   354 | D:1      | Lost mutation: You are resistant to electric shocks. (rElec) [potion of mutation]
   354 | D:1      | Gained mutation: You are frail. (-10% HP) [potion of mutation]
   354 | D:1      | Gained mutation: You possess an exceptional clarity of mind. [potion of mutation]
   354 | D:1      | Gained mutation: Potions take you a little longer to quaff. [potion of mutation]
   354 | D:1      | Gained mutation: You can exhale a cloud of poison. [potion of mutation]
   510 | D:1      | Reached XP level 3. HP: 27/27 MP: 5/5
   808 | D:2      | Learned a level 2 spell: Blink
   809 | D:2      | Found a stormy altar of Qazlal.
   933 | D:2      | Found a faded altar of an unknown god.
  1024 | D:2      | Found a basalt altar of Yredelemnul.
  1034 | D:2      | Reached XP level 4. HP: 20/34 MP: 7/7
  1368 | D:2      | Found a burning altar of Makhleb.
  1421 | D:2      | Reached XP level 5. HP: 11/39 MP: 1/8
  1711 | D:2      | Gained mutation: You are resistant to hostile enchantments. (MR+) [mutagenic hatch]
  1746 | D:3      | Lost mutation: You are resistant to hostile enchantments. (MR+) [potion of mutation]
  1746 | D:3      | Lost mutation: You can exhale a cloud of poison. [potion of mutation]
  1746 | D:3      | Lost mutation: You are frail. (-10% HP) [potion of mutation]
  1746 | D:3      | Gained mutation: Your movements are less encumbered by armour. (ER -6) [potion of mutation]
  1746 | D:3      | Gained mutation: Your skin blends seamlessly with your surroundings (Stealth+++). [potion of mutation]
  1746 | D:3      | Gained mutation: You are covered in thick fur. (AC +4) [potion of mutation]
  1746 | D:3      | Gained mutation: You can exhale a cloud of poison. [potion of mutation]
  1768 | D:3      | Noticed Sigmund
  1779 | D:3      | Killed Sigmund
  1779 | D:3      | Reached XP level 6. HP: 38/51 MP: 10/10
  1965 | D:3      | Reached skill level 5 in Hexes
  2032 | D:3      | Gained mutation: You can use your snake-like lower body to constrict enemies. [Naga growth]
  2032 | D:3      | Reached XP level 7. HP: 45/57 MP: 11/11
  2176 | D:4      | Reached skill level 1 in Blades
  2225 | D:4      | Reached skill level 1 in Stealth
  2457 | D:4      | Reached skill level 2 in Stealth
  2896 | D:4      | Found a radiant altar of Vehumet.
  3055 | D:4      | Found a viscous altar of Jiyva.
  3170 | D:4      | Found a snail-covered altar of Cheibriados.
  3179 | D:4      | Became a worshipper of Cheibriados the Contemplative
  3284 | D:4      | Lost mutation: Potions take you a little longer to quaff. [mutagenic hatch]
  3284 | D:5      | Entered Level 5 of the Dungeon
  3284 | D:5      | Found a shimmering altar of Xom.
  3341 | D:5      | Reached skill level 3 in Stealth
  3341 | D:5      | Reached XP level 8. HP: 55/64 MP: 13/13
  3421 | D:5      | Noticed a hand axe
  3421 | D:5      | Noticed a dagger
  3438 | D:5      | Reached skill level 5 in Bows & Xbows
  3438 | D:5      | Reached skill level 5 in Translocations
  3455 | D:5      | Learned a level 4 spell: Cause Fear
  3478 | D:5      | Found a hide-covered altar of Uskayaw.
  3561 | D:5      | Found an ornate altar of the Wu Jian Council.
  3580 | D:5      | Found a glowing golden altar of the Shining One.
  3679 | D:5      | Got the ring "Forget-Me-Not" {Fire rElec Stlth+}
  3718 | D:5      | Found a sacrificial altar of Ru.
  3719 | D:5      | Found a deep blue altar of Sif Muna.
  3719 | D:5      | Found a glowing silver altar of Zin.
  3719 | D:5      | Found a glowing golden altar of the Shining One.
  3722 | D:5      | Found an iron altar of Okawaru.
  3914 | D:6      | Found a bloodstained altar of Trog.
  4042 | D:6      | Reached * piety under Cheibriados
  4146 | D:6      | Reached skill level 4 in Stealth
  4661 | D:7      | Reached skill level 5 in Stealth
  4664 | D:7      | Found a corrupted altar of Lugonu.
  4700 | D:7      | Found a white marble altar of Elyvilon.
  4733 | D:7      | Reached XP level 9. HP: 70/70 MP: 16/16
  4774 | D:7      | Found an opulent altar of Gozag.
  4806 | D:7      | Reached skill level 5 in Blades
  4921 | D:7      | Found a sparkling altar of Nemelex Xobeh.
  4963 | D:7      | Found a shadowy altar of Dithmenos.
  4980 | D:7      | Found an ancient bone altar of Kikubaaqudgha.
  5062 | D:7      | Reached ** piety under Cheibriados
  5591 | D:8      | Noticed Joseph
  5615 | D:8      | Reached skill level 6 in Stealth
  5644 | D:8      | Killed Joseph
  6015 | D:8      | Reached skill level 7 in Stealth
  6021 | D:8      | Noticed Menkaure
  6048 | D:8      | Killed Menkaure
  6379 | D:8      | Reached XP level 10. HP: 78/78 MP: 18/18
  6499 | D:8      | Noticed Grum
  6509 | D:8      | Reached *** piety under Cheibriados
  6510 | D:8      | Killed Grum
  6941 | D:9      | Reached skill level 8 in Stealth
  7275 | D:9      | Learned a level 5 spell: Olgreb's Toxic Radiance
  7292 | D:9      | Noticed an orc high priest
  7367 | D:9      | Noticed a smoke demon
  7371 | D:9      | Killed an orc high priest
  7371 | D:9      | Reached skill level 1 in Invocations
  7576 | D:9      | Reached **** piety under Cheibriados
  7690 | D:9      | Reached skill level 9 in Stealth
  7931 | D:9      | Reached XP level 11. HP: 60/84 MP: 21/21
  8109 | D:10     | Entered Level 10 of the Dungeon
  8321 | D:10     | Noticed a two-headed ogre
  8330 | D:10     | Killed a two-headed ogre
  8330 | D:10     | Reached skill level 10 in Stealth
  8418 | D:10     | Found a white marble altar of Elyvilon.
  8815 | D:11     | Found a gateway to a bazaar.
  8998 | D:11     | Reached skill level 5 in Invocations
  9002 | D:11     | Reached ***** piety under Cheibriados
  9273 | D:11     | Noticed a skeletal warrior
  9274 | D:11     | Reached skill level 11 in Stealth
  9275 | D:11     | Noticed a five-headed hydra
  9280 | D:11     | Noticed a nine-headed hydra
  9281 | D:11     | Killed a skeletal warrior
  9281 | D:11     | Reached XP level 12. HP: 55/91 MP: 22/28
  9286 | D:11     | Noticed an ogre mage
  9295 | D:11     | Noticed an ogre mage
  9295 | D:11     | Noticed a tengu warrior
  9296 | D:11     | Slain by a nine-headed hydra

Skill      XL: |  1  2  3  4  5  6  7  8  9 10 11 |
---------------+----------------------------------+-----
Bows & Xbows   | 2 3 4 5 6 7 8 |  8.7
Translocations | 1 2 3 4 6 7 8 |  8.6
Hexes          | 5 6 9 |  9.1
Blades         | 3 4 6 7 |  7.6
Stealth        | 3 5 7 9 11 | 11.2
Invocations    | 2 5 |  5.7
Fighting       | |  1.0
Dodging        | |  1.5

Action                   |  1- 3 |  4- 6 |  7- 9 | 10-12 || total
-------------------------+-------+-------+-------+-------++-------
Melee: Dagger            |       |     1 |    15 |       ||    16
       Long sword        |       |       |   167 |       ||   167
       Constrict         |       |       |    56 |    17 ||    73
       Scimitar          |       |       |    80 |    95 ||   175
 Fire: Shortbow          |    85 |   115 |    52 |   170 ||   422
       Arbalest          |       |       |       |     3 ||     3
 Cast: Blink             |       |     4 |    15 |    23 ||    42
       Slow              |       |       |     6 |       ||     6
       Cause Fear        |       |       |     2 |     7 ||     9
       Olgreb's Toxic Ra |       |       |       |     9 ||     9
Invok: Slouch            |       |       |       |     1 ||     1
 Abil: Spit Poison       |     1 |       |       |       ||     1
       Breathe Poison Ga |     4 |     9 |    10 |     7 ||    30
Evoke: Wand              |       |     1 |     2 |       ||     3
  Use: Potion            |     2 |     1 |     4 |     4 ||    11
       Scroll            |       |       |       |     1 ||     1
 Stab: Sleeping          |       |     1 |    21 |     5 ||    27
       Invisible         |       |       |     4 |     1 ||     5
       Distracted        |       |       |       |     2 ||     2
Armor: Robe              |     7 |    26 |    30 |       ||    63
       Leather armour    |       |       |    22 |       ||    22
       Scale mail        |       |       |   123 |       ||   123
       Ring mail         |       |       |    11 |    84 ||    95
Dodge: Dodged            |    24 |    37 |   181 |   100 ||   342
